Map: Thunderbird LE

Players

HeroMarine

  • Race: Terran Terran
  • League: Master
  • Spawn Location: 11:00

TYTY (TY) - Winner!

  • Race: Terran Terran
  • League: Diamond
  • Spawn Location: 5:00

Event: HomeStory Cup XIX

VOD

Have the link to the VOD?

Description

Time

  • Played on: June 29, 2019, 9:49 a.m.
  • Length: 13:08

All games in this series

Show
View Real Time Build Order
Export as new Build Order

HeroMarine Terran 

Build Orders: Reaper Expand 

Get SALT Encoding   

  12  0:00  SCV  
  13  0:12  SCV  
  14  0:18  Supply Depot  
  14  0:24  SCV  
  15  0:39  SCV  
  15  0:42  Barracks  
  16  0:44  Refinery  
  16  0:51  SCV  
  17  1:03  SCV  
  18  1:16  SCV  
  19  1:29  Orbital Command, Reaper  
  20  1:41  Command Center  
  20  1:51  Supply Depot  
  20  1:54  SCV  
  21  2:01  Reaper  
  21  2:06  Refinery, SCV  
  23  2:18  SCV  
  23  2:20  Factory  
  24  2:31  SCV  
  25  2:43  Barracks Reactor, SCV  
  24  2:54  Orbital Command  
  24  2:55  SCV  
  25  3:00  Bunker  
  25  3:05  Factory Tech Lab  
  25  3:06  Starport  
  25  3:07  SCV  
  26  3:19  SCV x2  
  28  3:20  Marine x2  
  28  3:23  Cyclone  
  33  3:31  SCV x2  
  35  3:38  Marine x2  
  37  3:42  Refinery  
  37  3:43  SCV x2  
  37  3:44  Starport Tech Lab  
  39  3:53  Supply Depot  
  40  3:55  Marine, SCV x2  
  40  3:56  Marine  
  46  4:06  Raven  
  46  4:07  SCV  
  46  4:09  Supply Depot  
  46  4:14  Marine x2  
  46  4:15  SCV, Cyclone  
  52  4:19  SCV  
  53  4:27  SCV  
  54  4:32  Marine x2, SCV  
  55  4:39  SCV  
  55  4:44  SCV  
  57  4:49  Command Center  
  57  4:50  Raven  
  57  4:51  SCV  
  60  4:56  SCV  
  61  5:00  Supply Depot  
  61  5:03  SCV  
  61  5:08  Siege Tank, SCV  
  61  5:09  Marine  
  61  5:10  Marine  
  61  5:13  Refinery  
  67  5:15  SCV  
  67  5:20  SCV  
  69  5:23  Supply Depot  
  69  5:26  Engineering Bay  
  69  5:27  SCV  
  70  5:30  Engineering Bay  
  70  5:32  SCV  
  70  5:33  Raven  
  73  5:36  Marine x2  
  73  5:39  SCV  
  76  5:44  Siege Tank, SCV  
  76  5:45  Supply Depot  
  80  5:51  SCV  
  80  5:56  SCV  
  82  5:59  Terran Infantry Weapons Level 1  
  82  6:00  Terran Infantry Armor Level 1  
  82  6:01  Barracks  
  82  6:03  Barracks  
  82  6:04  Orbital Command  
  82  6:08  SCV x2  
  83  6:16  Siege Tank  
  88  6:20  SCV x2  
  86  6:32  SCV  
  84  6:33  SCV  
  84  6:35  SCV  
  76  6:41  Marine  
  76  6:42  Viking x2  
  76  6:43  Stimpack  
  76  6:44  SCV  
  76  6:45  SCV  
  79  6:48  SCV  
  79  6:50  Barracks Reactor  
  79  6:51  Barracks Reactor  
  80  6:56  SCV  
  80  6:57  SCV  
  80  7:01  Marine  
  83  7:02  SCV  
  81  7:08  SCV  
  81  7:09  SCV  
  81  7:14  SCV  
  84  7:16  Viking x2  
  84  7:18  Marine  
  84  7:20  SCV  
  84  7:21  SCV  
  91  7:27  SCV  
  91  7:28  Siege Tank  
  95  7:31  Marine x2  
  95  7:33  Marine x2  
  95  7:34  Refinery  
  95  7:36  SCV  
  95  7:37  SCV  
  100  7:38  Marine  
  100  7:43  Barracks  
  101  7:47  SCV  
  101  7:48  Marine, SCV  
  101  7:49  Marine  
  101  7:51  Marine x2  
  106  7:55  Medivac  
  108  7:59  Medivac  
  108  8:02  Armory  
  108  8:03  Refinery, SCV x2  
  108  8:04  SCV  
  113  8:08  Marine x2  
  113  8:09  Marine  
  116  8:12  Barracks  
  116  8:15  SCV  
  116  8:19  Supply Depot  
  117  8:28  Supply Depot x2  
  117  8:37  Supply Depot  
  117  8:38  Supply Depot  
  117  8:39  Barracks Reactor  
  117  8:40  Siege Tank, SCV, Medivac x2  
  117  8:41  Supply Depot  
  125  8:44  Combat Shield  
  125  8:47  Marine  
  125  8:49  Marine x4  
  125  8:50  SCV x2  
  125  8:53  SCV  
  130  8:59  Marine  
  130  9:02  SCV  
  123  9:04  SCV  
  123  9:05  Marine, SCV  
  123  9:07  Marine x3  
  128  9:10  Marine, Medivac x2  
  128  9:14  SCV  
  128  9:16  Marine x2  
  128  9:17  Marine  
  133  9:19  Terran Infantry Weapons Level 2  
  133  9:22  Marine  
  135  9:25  Marine x3  
  135  9:28  Marine, SCV  
  135  9:29  SCV  
  135  9:30  SCV  
  142  9:33  Marine  
  142  9:34  Marine x2  
  145  9:40  Marine, Command Center, Medivac  
  145  9:41  Terran Infantry Armor Level 2  
  145  9:43  Marine x3  
  145  9:45  Refinery  
  151  9:47  Marine  
  151  9:51  Marine  
  151  9:52  Marine x2  
  148  9:57  Siege Tank  
  148  9:58  Marine  
  137  10:01  Marine x3  
  137  10:05  Marine  
  125  10:07  SCV x3  
  125  10:09  Marine x2  
  125  10:10  Marine, Medivac x2  
  124  10:16  Marine  
  124  10:18  Marine x3  
  124  10:19  SCV x2  
  124  10:20  SCV  
  129  10:23  Marine  
  129  10:27  Marine x2  
  129  10:28  Marine  
  128  10:31  SCV  
  128  10:34  Marine  
  128  10:36  Marine x3  
  128  10:41  Marine, SCV x2  
  123  10:43  Terran Vehicle Weapons Level 1, SCV  
  123  10:45  Marine x2  
  123  10:46  Marine  
  123  10:48  Medivac x2  
  122  10:51  Marine  
  122  10:53  SCV  
  122  10:54  Marine  
  122  10:55  Command Center  
  124  10:57  Marine x2, Supply Depot  
  124  11:02  Marine  
  124  11:03  Marine  
  128  11:10  Marine x2  
  131  11:12  Marine  
  131  11:15  Siege Tank, Marine, Supply Depot  
  131  11:17  Marine  
  136  11:19  Marine, Factory  
  136  11:20  Marine  
  135  11:27  Marine  
  135  11:28  Marine  
  135  11:29  Barracks Reactor  
  135  11:30  Marine  
  135  11:33  Marine  
  135  11:35  Marine  
  135  11:36  Viking x2  
  135  11:37  Marine  
  135  11:38  Marine  
  133  11:45  Marine  
  135  11:47  Siege Tank  
  135  11:48  Marine, Barracks Reactor  
  135  11:50  Marine  
  135  11:53  Marine  
  140  11:55  Marine  
  140  11:56  Marine  
  142  12:03  Marine  
  142  12:05  Marine x2, Sensor Tower  
  142  12:06  Viking x2  
  142  12:07  Marine  
  150  12:08  Marine  
  150  12:11  Marine  
  150  12:13  Marine  
  150  12:14  Marine  
  150  12:17  Siege Tank  
  150  12:19  Siege Tank  
  150  12:21  Marine  
  142  12:23  Marine x2  
  142  12:25  Marine x3  
  142  12:26  Marine  
  142  12:29  Marine  
  143  12:31  Marine  
  143  12:32  Marine  
  143  12:36  Medivac x2  
  146  12:39  Marine  
  146  12:41  Marine x2  
  146  12:42  Marine  
  146  12:43  Marine x2  
  146  12:44  Marine  
  124  12:46  Marine  
  124  12:49  Marine  
Show
View Real Time Build Order
Export as new Build Order

TYTY Terran - Winner!

Build Orders: Gas First Reaper Expand 

Get SALT Encoding   

  12  0:00  SCV  
  13  0:12  SCV  
  14  0:17  Supply Depot  
  14  0:25  SCV  
  15  0:28  Refinery  
  15  0:39  SCV  
  16  0:43  Barracks  
  16  0:51  SCV  
  17  1:03  SCV  
  18  1:15  SCV  
  19  1:30  Orbital Command, Reaper  
  20  1:41  Command Center  
  20  1:53  Factory  
  20  1:56  SCV  
  21  2:04  Supply Depot  
  21  2:06  Barracks Reactor  
  21  2:10  SCV  
  22  2:20  Refinery  
  22  2:22  SCV  
  23  2:34  SCV  
  24  2:43  Marine x2  
  28  2:46  SCV, Starport  
  28  2:51  Widow Mine  
  28  2:57  Orbital Command  
  28  2:58  SCV  
  28  3:01  Marine x2  
  30  3:10  SCV  
  31  3:13  Factory Tech Lab  
  31  3:19  Marine x2  
  33  3:22  SCV  
  33  3:23  SCV, Medivac  
  37  3:36  Refinery  
  37  3:37  Siege Tank, Marine  
  37  3:39  SCV  
  37  3:41  Supply Depot  
  42  3:42  SCV  
  43  3:50  Supply Depot  
  43  3:52  SCV  
  43  3:54  SCV  
  43  3:55  Starport Tech Lab  
  45  3:56  Marine  
  45  4:02  Marine  
  47  4:04  SCV  
  47  4:06  SCV  
  47  4:09  Supply Depot  
  49  4:13  Raven  
  49  4:14  Marine  
  52  4:17  SCV  
  52  4:19  SCV  
  52  4:20  Marine  
  55  4:24  Supply Depot  
  55  4:32  Siege Tank  
  55  4:37  Marine  
  55  4:38  Marine  
  57  4:41  SCV  
  58  4:50  SCV  
  58  4:51  Command Center  
  59  4:55  Marine  
  59  4:56  Raven  
  59  4:59  SCV  
  63  5:00  Supply Depot  
  63  5:05  Marine  
  64  5:08  SCV  
  64  5:12  Siege Tank, Refinery  
  64  5:13  Marine  
  69  5:17  SCV  
  69  5:20  SCV  
  69  5:21  Supply Depot  
  71  5:25  Marine  
  72  5:29  SCV  
  72  5:32  Supply Depot  
  72  5:33  SCV  
  75  5:41  SCV  
  76  5:44  Siege Tank  
  76  5:47  SCV  
  79  5:50  Viking x2  
  79  5:54  Marine  
  79  5:56  Stimpack  
  85  5:57  SCV  
  85  6:00  SCV  
  85  6:03  Orbital Command  
  86  6:09  SCV  
  87  6:11  Marine  
  87  6:12  Barracks, SCV  
  87  6:16  Siege Tank  
  92  6:20  Viking  
  92  6:25  Barracks  
  94  6:27  Viking  
  94  6:29  Marine  
  94  6:31  SCV x2  
  99  6:38  SCV  
  94  6:43  SCV  
  93  6:50  Viking, SCV  
  93  6:51  SCV  
  93  6:52  Engineering Bay  
  93  6:53  Marine  
  96  6:55  Engineering Bay  
  96  6:57  Viking  
  96  7:05  SCV x2  
  96  7:07  Barracks Reactor  
  94  7:09  Siege Tank  
  94  7:11  Marine  
  94  7:12  Supply Depot x2  
  94  7:14  SCV  
  98  7:17  SCV  
  98  7:20  Viking  
  98  7:22  Barracks Reactor  
  101  7:23  SCV  
  101  7:26  SCV  
  101  7:27  Viking, Refinery  
  101  7:29  Refinery, SCV  
  106  7:31  Terran Infantry Weapons Level 1, Terran Infantry Armor Level 1  
  106  7:32  Marine  
  106  7:35  SCV  
  108  7:38  SCV  
  108  7:41  SCV  
  110  7:44  Marine x2, Supply Depot  
  110  7:46  Siege Tank, Supply Depot  
  110  7:47  SCV  
  110  7:50  Marine  
  115  7:55  SCV x2  
  115  7:56  Barracks  
  115  7:57  Barracks  
  117  7:59  Medivac  
  117  8:02  Marine x2  
  117  8:03  Medivac  
  117  8:05  SCV  
  124  8:07  Marine, SCV  
  124  8:08  Marine x2, SCV  
  129  8:18  Armory  
  129  8:25  Siege Tank  
  129  8:26  Marine x4, Sensor Tower  
  136  8:27  Marine  
  136  8:30  SCV x2  
  139  8:39  Medivac x2  
  142  8:44  Supply Depot  
  142  8:48  Marine x3, Supply Depot  
  143  8:57  Siege Tank  
  143  9:02  Barracks Reactor  
  131  9:04  Barracks Reactor  
  131  9:09  Marine x3  
  133  9:10  Marine  
  133  9:12  Viking x2  
  133  9:13  Command Center  
  133  9:15  Marine  
  133  9:16  SCV x2  
  132  9:27  Marine x4  
  132  9:28  Missile Turret  
  132  9:31  Siege Tank  
  137  9:32  Missile Turret  
  137  9:33  Missile Turret  
  138  9:39  Marine x2  
  138  9:40  Terran Infantry Weapons Level 2, Terran Infantry Armor Level 2  
  138  9:45  Combat Shield, Marine x3  
  143  9:46  Marine x2  
  143  9:48  Marine x2  
  146  9:57  Marine x2  
  130  10:00  Liberator x2  
  130  10:01  SCV x3  
  130  10:03  Siege Tank  
  130  10:04  Marine  
  130  10:05  Marine  
  133  10:12  Marine x2  
  133  10:13  Marine x3  
  134  10:15  Marine x2  
  141  10:22  Marine x2  
  141  10:24  Factory  
  143  10:29  Marine x2  
  143  10:31  Marine x3  
  134  10:36  Marine x2  
  134  10:41  Marine x2  
  116  10:43  SCV x3  
  116  10:47  Siege Tank, Marine x2  
  116  10:48  Marine  
  116  10:49  Marine x2  
  122  10:54  Marine, Missile Turret  
  122  10:55  SCV x2  
  122  10:56  Marine  
  126  10:59  Marine x2  
  126  11:00  SCV  
  129  11:04  Liberator  
  129  11:07  SCV x2  
  129  11:08  Factory Tech Lab, Liberator  
  129  11:09  Planetary Fortress  
  131  11:14  Marine x5  
  131  11:15  Marine x2  
  140  11:30  Siege Tank  
  146  11:37  Marine x2  
  146  11:38  Marine x2  
  150  11:41  SCV x3  
  153  11:49  Sensor Tower  
  153  11:52  Marine  
  153  11:53  Marine x4  
  160  11:55  Siege Tank, Marine  
  162  12:02  Marine  
  162  12:03  Marine  
  162  12:06  Supply Depot x2  
  162  12:07  Supply Depot  
  164  12:12  Marine x3  
  164  12:13  Siege Tank  
  164  12:15  Marine  
  163  12:25  Marine  
  163  12:27  Marine x2, Medivac x2  
  161  12:39  Marine x3  
  161  12:40  Marine  
  161  12:43  Marine x3  
Tags
 
Add a new tag
Caveats
  • Supply blocks, unpowered buildings, or Contaminate may cause inaccurate times.
  • Supply counts are checked every 10 seconds.